 Dungeon Crawl Stone Soup version 0.31-a0-859-g9dce7d3444 (webtiles) character file.

Game seed: 8227807062246216895

2138 retardedninja the Firebug (level 9, 0/54 HPs)
             Began as a Gargoyle Fire Elementalist on Oct 9, 2023.
             Was an Initiate of Vehumet.
             Slain by an orc warrior
             ... wielding a +0 battleaxe
              (19 damage)
             ... on level 7 of the Dungeon.
             The game lasted 00:13:53 (10837 turns).

retardedninja the Firebug (GrFE)                   Turns: 10837, Time: 00:13:54

Health: 0/54       AC: 11    Str: 13    XL:     9   Next: 30%
Magic:  13/16      EV: 12    Int: 19    God:    Vehumet [......]
Gold:   370        SH:  0    Dex: 10    Spells: 11/18 levels left

rFire   . . .        v - +3 broad axe (flame)
rCold   . . .        (no shield)
rNeg    + . .        a - +0 robe
rPois   ∞            (no helmet)
rElec   +            (no cloak)
rCorr   .            (no gloves)
SInv    .            k - +2 pair of boots
Will    +....        (no amulet)
Stlth   ++           s - ring of willpower
HPRegen 0.29/turn    u - +4 ring of slaying
MPRegen 0.15/turn

%: no passive effects
@: about to teleport, very slightly contaminated
A: sickness immunity, AC +6, negative energy resistance 1, electricity
resistance, torment resistance 1, petrification resistance
a: Renounce Religion


You were on level 7 of the Dungeon.
You worshipped Vehumet.
Vehumet was noncommittal.
You visited 2 branches of the dungeon, and saw 8 of its levels.
You also visited: Sewer.

You collected 370 gold pieces.

Inventory:

Hand Weapons
 v - a +3 broad axe of flaming (weapon)
Missiles
 g - 6 javelins
 h - 4 poisoned darts
Armour
 a - a +0 robe (worn)
 k - a +2 pair of boots (worn)
Jewellery
 b - a ring of resist corrosion
 m - a ring of protection from fire
 o - a ring of willpower
 s - a ring of willpower (left hand)
 u - a +4 ring of slaying (right hand)
Scrolls
 d - a scroll of vulnerability {unknown}
 p - 2 scrolls of butterflies {unknown}
 w - a scroll of immolation {unknown}
 y - a scroll of torment
Potions
 c - 2 potions of brilliance
 f - a potion of cancellation
 i - a potion of mutation
 j - 2 potions of magic
 l - a potion of enlightenment
 n - a potion of invisibility
 r - a potion of degeneration
 t - 2 potions of attraction


   Skills:
 + Level 5.6 Fighting
 - Level 1.7 Dodging
 - Level 2.4 Stealth
 + Level 5.2 Spellcasting
 + Level 5.8 Conjurations
 + Level 6.1 Fire Magic
 + Level 4.2 Air Magic


You had 11 spell levels left.
You knew the following spells:

 Your Spells              Type           Power      Damage    Failure   Level
a - Foxfire               Conj/Fire      100%       2x1d9     1%          1
b - Scorch                Fire           56%        2d7       1%          2
c - Flame Wave            Conj/Fire      27%        2d9       11%         4

Your spell library contained the following spells:

 Spells                   Type           Power      Damage    Failure   Level
 Inner Flame              Hex/Fire       16%        N/A       11%         3
 Volatile Blastmotes      Fire/Tloc      32%        2d12      11%         3
 Lesser Beckoning         Tloc           8%         N/A       19%         2
 Gell's Gravitas          Tloc           4%         N/A       36%         3
 Teleport Other           Tloc           4%         N/A       36%         3
 Simulacrum               Ice/Necr       2%         N/A       100%        6
 Ozocubu's Refrigeration  Ice            2%         4d7       100%        7
 Polar Vortex             Ice            2%         N/A       100%        9


Dungeon Overview and Level Annotations

Branches:
Dungeon (7/15)             Temple (1/1) D:4           Sewer (visited)

Altars:
Cheibriados
Dithmenos
Elyvilon
Fedhas
Gozag
Kikubaaqudgha
Makhleb
Nemelex Xobeh
Qazlal
Ru
Sif Muna
Trog
Vehumet
Wu Jian
Xom
Yredelemnul
Zin
The Shining One

Shops:
D:6 (


Innate Abilities, Weirdness & Mutations

You are immune to sickness and miasma.
Your stone body is resilient. (AC +6)
You are immune to poison.
You resist negative energy. (rN+)
You are resistant to electric shocks. (rElec)
You are resistant to unholy torment.
You are immune to petrification.


Message History

You barely miss the phantom.
The phantom is almost destroyed.
The phantom hits you but does no damage.
You hit the phantom. You burn the phantom.
You destroy the phantom!
Vehumet accepts your kill.
The orc throws a boomerang.
The boomerang barely misses you.
The orc throws a boomerang.
The boomerang barely misses you.
You barely miss something.
The orc throws a boomerang.
The boomerang barely misses you. Something hits you.
You barely miss the orc warrior. You barely miss the orc warrior.
The orc warrior hits you with a +0 battleaxe!
The orc warrior barely misses you.
You hit the orc warrior. You burn the orc warrior.
The orc warrior is lightly wounded.
The orc warrior hits you but does no damage.
Casting: Foxfire (safe; 1% risk of failure)
Confirm with . or Enter, or press ? or * to list all spells.
Casting: Flame Wave (dangerous; 11% risk of failure)
Press: ? - help, Dir - look around, f - activate You miscast Flame Wave.
You are very lightly contaminated with residual magic.
Nothing appears to happen.
The orc warrior barely misses you.
The orc warrior hits you with a +0 battleaxe.
Unknown command.
The orc warrior hits you with a +0 battleaxe!
Unknown command.
The orc wizard mumbles some strange words.
The orc wizard flickers and vanishes!
The orc warrior hits you but does no damage.
Unknown command.
The orc warrior hits you with a +0 battleaxe!
Unknown command.
The orc warrior misses you.
Unknown command.
As you read the scroll of teleportation, it crumbles to dust.
You feel strangely unstable.
The orc warrior hits you with a +0 battleaxe!!
You die...

####§.....# #.
#o##.###.# #.
#o##.# #.###
#. #o##.#
#...# #.
#.##§# ###.#
#. #o##v# #.#
### #. #§##.#
#.#
#....#.##oo..#
#.# #..@o{{..#
#.#
#.#.####.##
#.# #. #.# #.#
#. #.# #.# #.
#.# #.# .. #.#
#.# ..
.<......# .#
.########


You could see an orc warrior and 2 orcs.

Vanquished Creatures
  A wyvern (D:7)
  Eustachio (D:5)
  Edmund (D:4)
  Menkaure (D:6)
  A sky beast (D:6)
  An ice beast (D:6)
  A black bear (D:6)
  2 ogres (D:5)
  5 phantoms
  2 kobold brigands (D:6)
  A scorpion (D:6)
  An orc priest (D:6)
  A hound (D:6)
  2 jellies
  A sleepcap (D:5)
  4 iguanas (D:5)
  5 orc wizards
  7 gnolls
  11 adders
  A river rat (D:3)
  A shadow imp (D:6)
  7 orcs
  5 endoplasms
  2 giant cockroaches (D:3)
  7 goblins
  5 hobgoblins
  2 jackals (D:4)
  16 kobolds
  3 quokkas
  7 ball pythons
  7 bats
  5 frilled lizards
  4 rats (D:1)
121 creatures vanquished.

Vanquished Creatures (collateral kills)
  2 foxfires (D:3)
2 creatures vanquished.

Vanquished Creatures (others)
  429 foxfires
429 creatures vanquished.

Grand Total: 552 creatures vanquished

Notes
Turn   | Place    | Note
-------+----------+-------------------------------------------
     0 | D:1      | retardedninja the Gargoyle Fire Elementalist began the
                  | quest for the Orb.
     0 | D:1      | Reached XP level 1. HP: 10/10 MP: 3/3
   386 | D:1      | Reached XP level 2. HP: 15/15 MP: 0/5
   707 | D:1      | Learned a level 2 spell: Scorch
  1537 | D:2      | Reached XP level 3. HP: 20/20 MP: 1/6
  1921 | D:2      | Reached skill level 1 in Fighting
  2254 | D:2      | Reached XP level 4. HP: 25/25 MP: 3/7
  2762 | D:2      | Reached skill level 1 in Air Magic
  3127 | D:3      | Found a glowing drain.
  3145 | Sewer    | Entered a sewer
  3377 | Sewer    | Noticed Pargi
  3721 | D:3      | Reached XP level 5. HP: 30/30 MP: 5/8
  5051 | D:4      | Found a staircase to the Ecumenical Temple.
  5108 | D:4      | Reached XP level 6. HP: 36/36 MP: 2/10
  5295 | D:4      | Noticed Edmund
  5305 | D:4      | HP: 1/36 [Edmund/+6 flail of holy wrath (16)]
  5311 | D:4      | Killed Edmund
  5312 | D:4      | Reached skill level 4 in Fire Magic
  5443 | D:4      | Reached XP level 7. HP: 41/41 MP: 5/12
  6682 | D:5      | Entered Level 5 of the Dungeon
  7697 | D:5      | Reached XP level 8. HP: 48/48 MP: 7/14
  7972 | D:5      | Reached skill level 5 in Fire Magic
  7972 | D:5      | Noticed Eustachio
  8161 | D:5      | Killed Eustachio
  9267 | D:6      | Learned a level 4 spell: Flame Wave
  9352 | D:6      | Reached skill level 5 in Conjurations
  9357 | D:6      | Found Xariewko's Weapon Emporium.
  9517 | D:6      | Found a bloodstained altar of Trog.
  9622 | Temple   | Entered the Ecumenical Temple
  9698 | Temple   | Became a worshipper of Vehumet
  9859 | D:6      | Reached skill level 5 in Fighting
  9910 | D:6      | Noticed Menkaure
  9928 | D:6      | Killed Menkaure
  9929 | D:6      | Reached XP level 9. HP: 18/54 MP: 0/16
  9931 | D:6      | Reached skill level 5 in Spellcasting
 10554 | D:7      | Reached skill level 6 in Fire Magic
 10683 | D:7      | Found a shimmering blue altar of Sif Muna.
 10837 | D:7      | Slain by an orc warrior

Illustrated notes

Levels and vault maps discovered:
D:1:      wander_arrival_abandoned_jail, layout_basic, grunt_decor_resistance
D:2:      layout_basic
D:3:      cheibrodos_old_hovel, layout_basic, cheibrodos_sewer_entry_sluice,
          nrook_mini_vaults
D:4:      layout_basic, minmay_temple_entry_poolview, uniq_edmund
D:5:      layout_basic, uniq_eustachio
D:6:      cheibrodos_thug_alley, layout_basic, mainiacjoe_overflow_catwalk,
          serial_shops, kennysheep_mini, nicolae_ossuary_entry_ruins,
          uniq_menkaure
D:7:      layout_loops_ring, led_sif_book, uniq_jeremiah, uniq_maggie
Temple:   minmay_temple_bridge_d

Skill      XL: |  1  2  3  4  5  6  7  8  9 |
---------------+----------------------------+-----
Fighting       | 1 2 3 4 5 |  5.6
Conjurations   | 2 3 4 5 |  5.8
Air Magic      | 1 2 3 4 |  4.2
Spellcasting   | 3 4 5 |  5.2
Fire Magic     | 4 5 6 |  6.1
Dodging        | |  1.7
Stealth        | |  2.4

Action                     |  1- 3 |  4- 6 |  7- 9 || total
---------------------------+-------+-------+-------++-------
  Melee: Unarmed           |     3 |       |       ||     3
         Halberd           |     5 |       |       ||     5
         Broad axe         |       |    10 |    40 ||    50
   Cast: Foxfire           |    85 |   105 |    90 ||   280
         Scorch            |       |    19 |    66 ||    85
    Use: Scroll            |       |     2 |    14 ||    16
         Potion            |       |     4 |     4 ||     8
 Armour: Robe              |    18 |    36 |   124 ||   178
  Dodge: Dodged            |    17 |    27 |    84 ||   128

Table legend: (Time is in decaauts)
 A = Elapsed time spent in this place.
 B = Non-inter-level travel time spent in this place.
 C = Inter-level travel time spent in this place.
 D = Time resting spent in this place.
 E = Time spent auto-exploring this place.
 F = Levels seen in this place.
 G = Mean time per level.
                   A        B        C        D        E       F      G
               +--------+--------+--------+--------+--------+-----+--------+
         Total |  10898 |  10399 |    499 |   2829 |   6214 |   9 | 1210.9 |
       Dungeon |  10477 |  10121 |    356 |   2829 |   6010 |   7 | 1496.7 |
        Temple |    149 |      7 |    142 |      0 |      0 |   1 |  149.0 |
         Sewer |    271 |    271 |      0 |      0 |    203 |   1 |  271.0 |
               +--------+--------+--------+--------+--------+-----+--------+

Top non-repeatable levels by time:
     D:4: 2337 daAuts
     D:5: 2313 daAuts
     D:1: 1620 daAuts
     D:2: 1432 daAuts
     D:6: 1316 daAuts
     D:3: 1144 daAuts
     D:7: 313 daAuts
   Sewer: 271 daAuts
  Temple: 149 daAuts
